AoeStats
← 散步黑鵝

Black Forest

507751470Analyzed
4v4 RM · 13d ago on Sep 19, 2026· 28m 23s· 8 players
Game mode
Random Map
Map size
Large (8 player)
Population
200
Speed
Normal
Resources
Standard
Victory
Conquest
Starting age
Dark Age
Ending age
Imperial Age
RankedLock teamsTeams togetherTeam positionsShared explorationLock speedFull tech treeHidden civsTurbo modeCheats
Victory
Defeat
🇹🇼 Britons · Taiwan
2070
+3
🇹🇼 Burgundians · Taiwan
1847
+7
🇹🇼 Lithuanians · Taiwan
1745
+9
🇹🇼 Persians · Taiwan
1633
+31
1666
-9
🇭🇰 Bengalis · Hong Kong SAR China
1654
-10
🇨🇳 Romans · China
1592
-7
1586
-7
压力我的是猪
5:55 Loom
12:37 Feudal Age
13:33 Double-Bit Axe
16:40 Castle Age
14:42 Horse Collar
17:27 Forging
18:29 Light Cavalry
20:14 Bow Saw
22:44 Iron Casting
23:21 Devotion
24:54 Scale Barding Armor
26:16 Bloodlines
投掷哥布林
0:49 Loom
13:53 Feudal Age
15:23 Horse Collar
15:30 Double-Bit Axe
22:15 Castle Age
20:03 Town Watch
25:16 Bow Saw
25:13 Heavy Plow
26:51 Wheelbarrow
[CL] ßitokø × 1876
1:28 Loom
12:41 Feudal Age
16:07 Castle Age
15:32 Double-Bit Axe
15:29 Horse Collar
17:05 Heavy Plow
18:59 Fervor
22:23 Wheelbarrow
24:12 Hand Cart
25:25 Bow Saw
29:28 Imperial Age
27:41 Scale Mail Armor
27:52 Forging
这条小鱼谁在乎
0:35 Loom
27:44 Feudal Age
小蜜蜂
4:38 Double-Bit Axe
10:56 Feudal Age
14:31 Castle Age
12:47 Bow Saw
12:22 Horse Collar
13:08 Heavy Plow
17:45 Wheelbarrow
19:10 Hand Cart
21:52 Gold Mining
23:09 Gold Shaft Mining
23:48 Stone Mining
27:37 Imperial Age
25:28 Scale Barding Armor
25:14 Treadmill Crane
25:22 Cavalier
26:03 Husbandry
26:02 Loom
26:53 Forging
27:24 Chain Barding Armor
27:12 Light Cavalry
29:21 Chemistry
27:42 Paladin
29:00 Iron Casting
29:15 Plate Barding Armor
米克斯
1:15 Loom
14:40 Feudal Age
20:32 Castle Age
18:40 Double-Bit Axe
18:36 Horse Collar
21:46 Bow Saw
22:05 Heavy Plow
26:18 Fortified Wall
28:11 Wheelbarrow
Nezzar
11:20 Feudal Age
11:51 Double-Bit Axe
14:52 Castle Age
13:30 Horse Collar
15:50 Bow Saw
20:25 Wheelbarrow
19:36 Loom
22:38 Pikeman
24:50 Heavy Plow
散步黑鵝
1:18 Loom
23:54 Feudal Age
27:32 Castle Age
25:53 Horse Collar
26:02 Double-Bit Axe
Connection lost

Rejoining the realm…

Still unreachable

The connection could not be restored.

Session expired

The server has moved on; the page needs a fresh start.